 Dungeon Crawl Stone Soup version 0.23-a0-49-gd9f7a49 (webtiles) character file.

10712 Amnesiac the Slinger (level 11, -23/92 HPs)
             Began as a Mummy Hunter on Aug 6, 2018.
             Was an Elder of Okawaru.
             Annihilated by an enormous slime creature (36 damage)
             ... on level 10 of the Dungeon.
             The game lasted 00:20:03 (13545 turns).

Amnesiac the Slinger (Mummy Hunter)                Turns: 13545, Time: 00:20:04

Health: -23/92     AC: 10    Str: 19    XL:     11   Next: 39%
Magic:  5/11       EV: 12    Int: 11    God:    Okawaru [****..]
Gold:   523        SH:  0    Dex: 12    Spells: 10/10 levels left

rFire    + . .     SeeInvis .   a - +1 fustibalus
rCold    + . .     Gourm    .   x - +0 shield
rNeg     + + +     Faith    .   j - +0 ring mail {rF+}
rPois    ∞         Spirit   .   f - +1 helmet
rElec    .         Reflect  .   t - +1 cloak
rCorr    .         Harm     .   (no gloves)
MR       +....                  (no boots)
Stlth    +.........             (no amulet)
HPRegen  0.25/turn              u - ring of protection from fire
MPRegen  0.12/turn              r - ring of wizardry

@: confused, heroism
A: no food or potions, fire vulnerability, cold resistance 1, negative energy
resistance 3, torment resistance, unbreathing
a: Heroism, Renounce Religion


You were on level 10 of the Dungeon.
You worshipped Okawaru.
Okawaru was greatly pleased with you.
You were not hungry.

You visited 2 branches of the dungeon, and saw 11 of its levels.

You collected 523 gold pieces.

Inventory:

Hand Weapons
 a - a +1 fustibalus (weapon)
 b - a +2 spear of venom
Missiles
 g - 110 sling bullets (quivered)
 l - 142 stones
Armour
 e - a +3 ring mail of cold resistance
 f - a +1 helmet (worn)
 j - a +0 ring mail of fire resistance (worn)
 t - a +1 cloak (worn)
 x - a +0 shield (worn)
 z - +0 steam dragon scales
Jewellery
 o - an uncursed ring of flight
 r - a ring of wizardry (right hand)
 u - a ring of protection from fire (left hand)
Wands
 c - a wand of digging (4)
 d - a wand of flame (5)
 q - a wand of disintegration (13)
 y - a wand of iceblast (13)
 C - a wand of acid (10)
Scrolls
 h - 6 scrolls of teleportation {!r}
 i - 2 scrolls of identify {!r}
 k - 2 scrolls of magic mapping {!r}
 m - a scroll of amnesia {!r}
 n - 8 scrolls of remove curse {!r}
 p - a scroll of fog {!r}
 s - 2 scrolls of fear {!r}
 v - a scroll of acquirement {!r, unknown}
 w - a scroll of enchant armour {!r, unknown}
 A - a scroll of noise {!r, unknown}
 B - a scroll of blinking {!r, unknown}
 D - a scroll of vulnerability {!r, unknown}


   Skills:
 - Level 10.6(15.6) Fighting
 - Level 12.6(17.6) Slings
 - Level 1.5(6.5) Dodging
 - Level 0.7(5.7) Stealth
 + Level 0.0 Invocations


You had 10 spell levels left.
You didn't know any spells.
Your spell library contained the following spells:

 Spells                   Type           Power        Failure   Level  Hunger
 Cause Fear               Hex            #.........   100%        4    N/A
 Slow                     Hex            #.......     75%         2    N/A
 Confuse                  Hex            #.......     92%         3    N/A
 Summon Horrible Things   Summ           #.........   100%        8    N/A
 Summon Greater Demon     Summ           #.........   100%        7    N/A
 Confusing Touch          Hex            #.....       61%         1    N/A
 Metabolic Englaciation   Hex/Ice        #.........   100%        5    N/A
 Corona                   Hex            #......      61%         1    N/A
 Portal Projectile        Hex/Tloc       #.....       92%         3    N/A
 Monstrous Menagerie      Summ           #.........   100%        7    N/A
 Petrify                  Tmut/Erth      #.......     100%        4    N/A
 Malign Gateway           Summ/Tloc      #.........   100%        7    N/A
 Leda's Liquefaction      Hex/Erth       #.........   100%        4    N/A
 Inner Flame              Hex/Fire       #.......     92%         3    N/A
 Gell's Gravitas          Tloc           #.........   92%         3    N/A
 Yara's Violent Unravell  Hex/Tmut       #.........   100%        5    N/A

Dungeon Overview and Level Annotations

Branches:
Dungeon (10/15)            Temple (1/1) D:4            Lair (0/6) D:8
    Orc (0/2) D:9

Altars:
Ashenzari
Cheibriados
Dithmenos
Elyvilon
Fedhas
Gozag
Hepliaklqana
Kikubaaqudgha
Makhleb
Nemelex Xobeh
Okawaru
Qazlal
Ru
Sif Muna
Trog
Uskayaw
Vehumet
Wu Jian
Xom
Yredelemnul
Zin
The Shining One
Jiyva

Shops:
D:10 [

Annotations:
D:10 1 transporter


Innate Abilities, Weirdness & Mutations

You do not eat or drink.
Your flesh is vulnerable to fire.
You are immune to poison.
Your flesh is cold resistant. (rC+)
You are immune to negative energy. (rN+++)
You are immune to unholy pain and torment.
You can survive without breathing.


Message History

You resist with almost no effort.
You gain the combat prowess of a mighty hero.
The slime creature hits you! The slime creature closely misses you.
A large slime creature splits.
The slime creature barely misses you.
Two slime creatures merge to form a very large slime creature.
Two slime creatures merge to form a large slime creature.
Quiver which item? (- for none, * to show all) (? for menu, Esc to quit)
Quivering
g - 116 sling bullets for slings.
Firing (i - inventory. (/) - cycle)
g - 116 sling bullets (quivered)
Press: ? - help, Shift-Dir - straight line, f - large slime creature
Aim: a large slime creature
Okay, then.
Okay, then.
Firing (i - inventory. (/) - cycle)
g - 116 sling bullets (quivered)
Press: ? - help, Shift-Dir - straight line, f - slime creature
Aim: a slime creature You shoot a sling bullet.
The sling bullet hits the slime creature!
The slime creature is lightly wounded.
The slime creature closely misses you.
Firing (i - inventory. (/) - cycle)
g - 115 sling bullets (quivered)
Press: ? - help, Shift-Dir - straight line, f - large slime creature, p - slime creature
Aim: a large slime creature You shoot a sling bullet.
The sling bullet hits the large slime creature!
The large slime creature is lightly wounded.
Firing (i - inventory. (/) - cycle)
g - 114 sling bullets (quivered)
Press: ? - help, Shift-Dir - straight line, f/p - large slime creature
Aim: a large slime creature (lightly wounded)
You shoot a sling bullet.
The sling bullet hits the large slime creature.
The large slime creature is lightly wounded.
Firing (i - inventory. (/) - cycle)
g - 113 sling bullets (quivered)
Press: ? - help, Shift-Dir - straight line, f/p - large slime creature
Aim: a large slime creature (lightly wounded)
You shoot a sling bullet.
The sling bullet hits the large slime creature!
The large slime creature is lightly wounded.
You block the slime creature's attack.
Firing (i - inventory. (/) - cycle)
g - 112 sling bullets (quivered)
Press: ? - help, Shift-Dir - straight line, f/p - large slime creature
Aim: a large slime creature (lightly wounded)
You shoot a sling bullet.
The sling bullet hits the large slime creature but does no damage.
The large slime creature is lightly wounded.
Firing (i - inventory. (/) - cycle)
g - 111 sling bullets (quivered)
Press: ? - help, Shift-Dir - straight line, f/p - large slime creature
Aim: a large slime creature (lightly wounded)
You shoot a sling bullet.
The sling bullet hits the large slime creature!!
The large slime creature is moderately wounded.
The glowing orange brain pulsates.
You are confused.
The large slime creature hits you.
* * * LOW HITPOINT WARNING * * *
You're too confused to move!
The slime creature closely misses you.
Two slime creatures merge to form an enormous slime creature.
The large slime creature misses you. The large slime creature hits you!!
* * * LOW HITPOINT WARNING * * *
Your hands slow down.
The enormous slime creature hits you!!!
You die...

........####.###.## ###..####..#
.##.....###..#©#..## ##.# #..#
..##....##.........# #.# #..#
...##...####.%$:.### ##.####...
........# #..)_$..# ###....#.#..
##....######.)%$.#####..####..#.#
##..#..# #.....G(..##..## ##.#..
...###.####.$#.#JJ###.## #....
##.###..####©###@####.# #####
###......# ####### #..## #...
##.......# #########...## ###...
.......### #..©.........####..#.#
.##..)## ##............)†...#..
#####)# ##..####....#####.###
.####.## ##.## #.....# #..##
...##..######...####.##..# ##...
##........#......##..##..# ##.#.


You could see an enormous slime creature, a large slime creature and a glowing
orange brain.

Vanquished Creatures
  Harold (D:7)
  A two-headed ogre (D:10)
  An oklob plant (D:8)
  Joseph (D:7)
  Psyche (D:9)
  A centaur skeleton (D:8)
  A gargoyle (D:10)
  A hippogriff (D:7)
  Prince Ribbit (D:8)
  A spriggan (D:9)
  A yak (D:8)
  Sigmund (D:3)
  3 wyverns
  A hungry ghost (D:8)
  A steam dragon (D:9)
  A water moccasin (D:7)
  2 porcupines (D:8)
  4 orc warriors
  4 sky beasts
  2 black bears (D:8)
  5 ogres
  4 phantoms
  2 ice beasts
  6 centaurs
  A crocodile (D:8)
  A big kobold (D:8)
  A gnoll sergeant (D:9)
  6 bullfrogs
  A wyvern zombie (D:8)
  A scorpion (D:8)
  12 wights
  21 killer bees
  3 crimson imps
  3 centaur zombies
  6 orc priests
  A bullfrog zombie (D:6)
  7 orc wizards
  3 hounds
  Crazy Yiuf (D:7)
  2 bullfrog skeletons (D:4)
  Terence (D:3)
  Jessica (D:3)
  3 iguanas
  7 worker ants
  A hound zombie (D:9)
  2 worker ant zombies
  6 gnolls
  12 adders
  A shadow imp (D:5)
  2 oozes
  An adder zombie (D:6)
  4 worms
  3 dart slugs
  8 leopard geckos
  63 orcs
  2 ball pythons
  5 bats
  3 giant cockroaches
  8 goblins
  4 hobgoblins
  7 jackals
  8 quokkas
  8 frilled lizards
  A jackal skeleton (D:5)
  11 kobolds
  A leopard gecko zombie (D:7)
  7 rats
  A bush (D:8)
  2 fungi
  10 plants (D:8)
310 creatures vanquished.

Vanquished Creatures (others)
  25 fungi (D:8)
  4 plants (D:8)
29 creatures vanquished.

Grand Total: 339 creatures vanquished

Notes
Turn   | Place    | Note
-------+----------+-------------------------------------------
     0 | D:1      | Amnesiac the Mummy Hunter began the quest for the Orb.
     0 | D:1      | Reached XP level 1. HP: 16/16 MP: 1/1
   183 | D:1      | Reached XP level 2. HP: 22/22 MP: 2/2
   791 | D:3      | Noticed Sigmund
   817 | D:2      | Reached XP level 3. HP: 21/28 MP: 3/3
   928 | D:2      | Reached skill level 4 in Slings
  1051 | D:2      | Reached XP level 4. HP: 27/34 MP: 4/4
  1422 | D:3      | Noticed Terence
  1456 | D:3      | Killed Terence
  1456 | D:3      | Reached XP level 5. HP: 35/41 MP: 5/5
  1681 | D:3      | Noticed Jessica
  1690 | D:3      | Killed Jessica
  1786 | D:3      | Reached skill level 5 in Slings
  1809 | D:3      | Found an ancient bone altar of Kikubaaqudgha.
  2285 | D:3      | Found a shattered altar of Ashenzari.
  2391 | D:3      | Killed Sigmund
  2391 | D:3      | Reached XP level 6. HP: 6/48 MP: 6/6
  2650 | D:3      | Found a burning altar of Makhleb.
  2849 | D:3      | Noticed a sky beast
  2881 | D:3      | Killed a sky beast
  2881 | D:3      | Reached skill level 6 in Slings
  2928 | D:3      | Found a glowing golden altar of the Shining One.
  3239 | D:4      | Reached XP level 7. HP: 54/55 MP: 7/7
  3277 | D:4      | Reached skill level 5 in Fighting
  3373 | D:4      | Found a staircase to the Ecumenical Temple.
  3440 | Temple   | Entered the Ecumenical Temple
  3468 | Temple   | Became a worshipper of Warmaster Okawaru
  3762 | D:5      | Entered Level 5 of the Dungeon
  3771 | D:4      | Found a deep blue altar of Sif Muna.
  4057 | D:5      | Reached skill level 7 in Slings
  4287 | D:5      | Reached XP level 8. HP: 57/64 MP: 8/8
  4451 | D:5      | Found an ornate altar of the Wu Jian Council.
  4451 | D:5      | Found a hide-covered altar of Uskayaw.
  4452 | D:5      | Found a white marble altar of Elyvilon.
  4491 | D:5      | Noticed Prince Ribbit
  4629 | D:5      | Found a shadowy altar of Dithmenos.
  4706 | D:5      | Found an ornate altar of the Wu Jian Council.
  4710 | D:5      | Found a hide-covered altar of Uskayaw.
  4713 | D:5      | Found a white marble altar of Elyvilon.
  4763 | D:5      | Found a shadowy altar of Dithmenos.
  5344 | D:5      | Found an ornate altar of the Wu Jian Council.
  5747 | D:6      | Reached * piety under Okawaru
  6269 | D:6      | Reached skill level 8 in Slings
  6379 | D:6      | Got a jet-encrusted leather armour
  6686 | D:6      | Found a bloodstained altar of Trog.
  6789 | D:6      | Reached ** piety under Okawaru
  7102 | D:7      | Noticed a hippogriff
  7111 | D:7      | Killed a hippogriff
  7111 | D:7      | Reached XP level 9. HP: 66/72 MP: 6/9
  7132 | D:7      | Reached skill level 9 in Slings
  7133 | D:7      | Noticed Harold
  7654 | D:7      | Found a runed door.
  7659 | D:7      | Noticed Crazy Yiuf
  7663 | D:7      | Killed Crazy Yiuf
  7685 | D:7      | Identified the +1 leather armour "Deleasi" {rPois Str+3 Dex-2 Stlth+} (You found it on level 6 of the Dungeon)
  7876 | D:7      | Found a stormy altar of Qazlal.
  7879 | D:7      | Noticed Joseph
  7890 | D:7      | Killed Joseph
  7890 | D:7      | Reached *** piety under Okawaru
  7990 | D:7      | Killed Harold
  7990 | D:7      | Reached skill level 10 in Slings
  8446 | D:8      | Reached XP level 10. HP: 61/82 MP: 10/10
  8777 | D:8      | Received a gift from Okawaru
  8865 | D:8      | Reached skill level 11 in Slings
  9365 | D:8      | Received a gift from Okawaru
  9427 | D:8      | Killed Prince Ribbit
  9445 | D:8      | Reached **** piety under Okawaru
  9916 | D:8      | Found a staircase to the Lair.
 10067 | D:8      | Found a blossoming altar of Fedhas.
 10084 | D:8      | Noticed an oklob plant
 10307 | D:8      | Killed an oklob plant
 10658 | D:9      | Reached skill level 10 in Fighting
 10944 | D:9      | Noticed Psyche
 10954 | D:9      | Killed Psyche
 10954 | D:9      | Received a gift from Okawaru
 10954 | D:9      | Reached skill level 12 in Slings
 10954 | D:9      | Reached XP level 11. HP: 85/90 MP: 11/11
 11636 | D:9      | Found a staircase to the Orcish Mines.
 11897 | D:10     | Entered Level 10 of the Dungeon
 12304 | D:10     | Noticed a two-headed ogre
 12314 | D:10     | Killed a two-headed ogre
 12314 | D:10     | Reached ***** piety under Okawaru
 12314 | D:10     | Received a gift from Okawaru
 12633 | D:10     | Found Raxtehed's Antique Armour Shoppe.
 12784 | D:10     | Found a transporter.
 13526 | D:10     | Found a viscous altar of Jiyva.
 13527 | D:10     | Found a transporter.
 13528 | D:10     | Noticed a glowing orange brain
 13545 | D:10     | Annihilated by an enormous slime creature

Vault maps used:
D:1:      dpeg_arrival_renting, kennysheep_another_room,
          minmay_misc_feat_enclosed
D:2:      kennysheep_big_flooded_room, first_ration
D:3:      lemuel_round_altar, ashenzari_conservatory_becter,
          nicolae_tso_carved_into_rock, makhleb_blood_cavern_becter,
          uniq_jessica, uniq_terence, uniq_sigmund
D:4:      nicolae_overflow_hidden_temple, minmay_temple_entry_junction
D:5:      nicolae_overflow_quartered_altars, uniq_prince_ribbit1
D:6:      trog_butcher_becter
D:7:      nicolae_overflow_crystal_walls, uniq_harold, uniq_crazy_yiuf_cottage,
          uniq_joseph
D:8:      tgw_fedhas, due_lair_maze_entry_diamond
D:9:      hiddenorc2_lemuel, the_bakery, uniq_psyche
D:10:     gammafunk_jiyva_shrine, serial_shops, shop,
          hangedman_abyss_or_decor_passed
Temple:   chequers_temple_sunken

Skill      XL: |  1  2  3  4  5  6  7  8  9 10 |
---------------+-------------------------------+-----
Slings         | 4 5 6 7 8 10 12 | 12.6
Fighting       | 3 4 5 7 8 10 | 10.6
Dodging        | |  1.5
Stealth        | |  0.7

Action                   |  1- 3 |  4- 6 |  7- 9 | 10-12 || total
-------------------------+-------+-------+-------+-------++-------
Melee: Spear             |    62 |     5 |       |     5 ||    72
       Short sword       |       |       |     7 |   265 ||   272
 Fire: Hunting sling     |    61 |   214 |   145 |       ||   420
       Fustibalus        |       |       |   321 |   597 ||   918
Invok: Heroism           |       |       |     5 |     8 ||    13
       Finesse           |       |       |       |     1 ||     1
Evoke: Wand              |       |       |     8 |       ||     8
  Use: Scroll            |       |    10 |     3 |     1 ||    14
Armor: Ring mail         |    40 |    41 |   115 |   103 ||   299
Dodge: Dodged            |    56 |    57 |   165 |   141 ||   419
Block: Shield            |       |       |       |    59 ||    59

Table legend:
 A = Spawn XP
 B = Non-spawn XP
 C = Spawn XP percentage of total XP
 D = Spawn monster count
 E = Non-spawn monster count
 F = Spawn count percentage of total count
 G = Total turns spent on level
                    A         B        C        D         E        F      G
               +---------+---------+-------+---------+---------+-------+---------
         Total |       0 |   15304 |   0.0 |       0 |     297 |   0.0 | 13545
               +---------+---------+-------+---------+---------+-------+---------
           D:1 |       0 |      30 |   0.0 |       0 |      18 |   0.0 |   924
           D:2 |       0 |     127 |   0.0 |       0 |      21 |   0.0 |   868
           D:3 |       0 |     610 |   0.0 |       0 |      40 |   0.0 |  1522
           D:4 |       0 |     400 |   0.0 |       0 |      21 |   0.0 |   580
           D:5 |       0 |     490 |   0.0 |       0 |      21 |   0.0 |  1713
           D:6 |       0 |    1114 |   0.0 |       0 |      24 |   0.0 |  1568
           D:7 |       0 |    2645 |   0.0 |       0 |      23 |   0.0 |  1692
           D:8 |       0 |    4835 |   0.0 |       0 |      56 |   0.0 |  1695
           D:9 |       0 |    2127 |   0.0 |       0 |      47 |   0.0 |  1279
          D:10 |       0 |    2926 |   0.0 |       0 |      26 |   0.0 |  1648
               +---------+---------+-------+---------+---------+-------+---------
